| TOP OF THE 1ST |
|
University of Michigan Wolverines batting - Pitching for Clemson University Tigers : RHP Butch Powers
|
|
Pitching: RHP Butch Powers
|
|
|
Batting: LHB Tony Olvera
|
0-0: Swinging Strike 0-1: Ground out 3-1 (Groundball, 34S, EV 86.2 MPH)
|
|
Batting: RHB Jason Rhodes
|
0-0: Called Strike 0-1: Ground out 4-3 (Groundball, 4, EV 76.2 MPH)
|
|
Batting: LHB Adrian Navarro
|
0-0: Called Strike 0-1: Foul Ball, location: 2F 0-2: Foul Ball, location: 2F 0-2: Strikes out swinging
|
| Top of the 1st over - 0 runs, 0 hits, 0 errors, 0 left on base; University of Michigan 0 - Clemson University 0 |
| BOTTOM OF THE 1ST |
|
Clemson University Tigers batting - Pitching for University of Michigan Wolverines : LHP Jeff Conti
|
|
Pitching: LHP Jeff Conti
|
|
|
Batting: RHB Jason Duncan
|
0-0: Foul Ball, location: 2F 0-1: Ball 1-1: Foul Ball, location: 2F 1-2: Ball 2-2: Strikes out swinging
|
|
Batting: RHB Jorge Alva
|
0-0: Ground out 5-3 (Groundball, 56, EV 85.6 MPH)
|
|
Batting: RHB Chris Prinzing
|
0-0: Ball 1-0: Foul Ball, location: 2F 1-1: Ground out 1-3 (Groundball, 34S, EV 68.1 MPH)
|
| Bottom of the 1st over - 0 runs, 0 hits, 0 errors, 0 left on base; University of Michigan 0 - Clemson University 0 |
| TOP OF THE 2ND |
|
University of Michigan Wolverines batting - Pitching for Clemson University Tigers : RHP Butch Powers
|
|
Batting: RHB Franklin Ortega
|
0-0: Called Strike 0-1: Swinging Strike 0-2: Ball 1-2: Foul Ball, location: 2F 1-2: Ball 2-2: Fly out, F3 (Popup, 34, EV 63.8 MPH)
|
|
Batting: RHB Justin Young
|
0-0: Called Strike 0-1: Ball 1-1: Ball 2-1: Ball 3-1: Foul Ball, location: 2F 3-2: Base on Balls
|
|
Batting: RHB Jamie Broadhurst
|
0-0: Ball 1-0: Ball 2-0: Foul Ball, location: 2F 2-1: Called Strike 2-2: Grounds into double play, 4-6-3 (Groundball, 4, EV 81.9 MPH)
|
| Top of the 2nd over - 0 runs, 0 hits, 0 errors, 0 left on base; University of Michigan 0 - Clemson University 0 |
| BOTTOM OF THE 2ND |
|
Clemson University Tigers batting - Pitching for University of Michigan Wolverines : LHP Jeff Conti
|
|
Batting: LHB Jayden Pelayo
|
0-0: Ball 1-0: Ball 2-0: Swinging Strike 2-1: Foul Ball, location: 2F 2-2: Foul Ball, location: 2F 2-2: Strikes out swinging
|
|
Batting: RHB Josh LeSage
|
0-0: Called Strike 0-1: Foul Ball, location: 2F 0-2: Ball 1-2: Ball 2-2: Ball 3-2: Foul Ball, location: 2F 3-2: DOUBLE (Flyball, 89D, EV 95.6 MPH)
|
|
Batting: RHB Liangde Zhou
|
0-0: SINGLE (Popup, 56D, EV 51.9 MPH) Josh LeSage to third
|
|
Batting: LHB Jackson Wither
|
0-0: Grounds into double play, 4-6-3 (Groundball, 4, EV 81.9 MPH)
|
| Bottom of the 2nd over - 0 runs, 2 hits, 0 errors, 1 left on base; University of Michigan 0 - Clemson University 0 |
| TOP OF THE 3RD |
|
University of Michigan Wolverines batting - Pitching for Clemson University Tigers : RHP Butch Powers
|
|
Batting: RHB Dave Guevara
|
0-0: Foul Ball, location: 2F 0-1: Ball 1-1: Ball 2-1: Ball 3-1: Base on Balls
|
|
Batting: LHB Gabe Morales
|
0-0: Ball 1-0: Sac Bunt to 25 - play at second, runner safe!
|
|
Batting: RHB Glen Limeburner
|
0-0: Ball 1-0: Fly out, F7 (Line Drive, 78D, EV 105.6 MPH)
|
|
Batting: LHB Tony Olvera
|
0-0: Foul Ball, location: 2F 0-1: Called Strike 0-2: Ball 1-2: Fielders Choice at 2nd, 4-6 (Groundball, 4, EV 78.8 MPH) Dave Guevara to third
|
|
Batting: RHB Jason Rhodes
|
0-0: Ball 1-0: Foul Ball, location: 2F 1-1: Ground out 5-3 (Groundball, 56S, EV 72.5 MPH)
|
| Top of the 3rd over - 0 runs, 0 hits, 0 errors, 2 left on base; University of Michigan 0 - Clemson University 0 |
| BOTTOM OF THE 3RD |
|
Clemson University Tigers batting - Pitching for University of Michigan Wolverines : LHP Jeff Conti
|
|
Batting: RHB Wayne Watson
|
0-0: Ball 1-0: Fly out, F7 (Line Drive, 78D, EV 102.5 MPH)
|
|
Batting: RHB Donovan Deason
|
0-0: Foul Ball, location: 2F 0-1: Swinging Strike 0-2: Ball 1-2: Strikes out swinging
|
|
Batting: RHB Jason Duncan
|
0-0: Foul Ball, location: 2F 0-1: Ball 1-1: Ball 2-1: Ball 3-1: SINGLE (Groundball, 34, EV 94.4 MPH)
|
|
Batting: RHB Jorge Alva
|
0-0: Called Strike 0-1: Ball 1-1: Ball 2-1: SINGLE (Line Drive, 7S, EV 110.0 MPH) Jason Duncan to second
|
|
Batting: RHB Chris Prinzing
|
0-0: Ball 1-0: Swinging Strike 1-1: Ball 2-1: Called Strike 2-2: Ball 3-2: Foul Ball, location: 2F 3-2: Base on Balls Jason Duncan to third Jorge Alva to second
|
|
Batting: LHB Jayden Pelayo
|
0-0: Ball 1-0: Ball 2-0: Ball 3-0: Called Strike 3-1: Fly out, F9 (Flyball, 9D, EV 95.0 MPH)
|
| Bottom of the 3rd over - 0 runs, 2 hits, 0 errors, 3 left on base; University of Michigan 0 - Clemson University 0 |
| TOP OF THE 4TH |
|
University of Michigan Wolverines batting - Pitching for Clemson University Tigers : RHP Butch Powers
|
|
Batting: LHB Adrian Navarro
|
0-0: Swinging Strike 0-1: Foul Ball, location: 2F 0-2: DOUBLE (Line Drive, 9LS, EV 96.9 MPH)
|
|
Batting: RHB Franklin Ortega
|
0-0: Called Strike 0-1: Ball 1-1: SINGLE (Flyball, 56D, EV 92.5 MPH) Adrian Navarro to third
|
|
Batting: RHB Justin Young
|
0-0: Called Strike 0-1: SINGLE (Line Drive, 7S, EV 110.6 MPH) Adrian Navarro scores Franklin Ortega to second
|
|
Batting: RHB Jamie Broadhurst
|
0-0: Ball 1-0: Called Strike 1-1: Swinging Strike 1-2: Ball 2-2: Strikes out looking
|
|
Batting: RHB Dave Guevara
|
0-0: Ball 1-0: Ball 2-0: Fly out, F6 (Flyball, 6D, EV 85.6 MPH)
|
|
Batting: LHB Gabe Morales
|
0-0: Ground out 4-3 (Groundball, 4, EV 88.1 MPH)
|
| Top of the 4th over - 1 run, 3 hits, 0 errors, 2 left on base; University of Michigan 1 - Clemson University 0 |
| BOTTOM OF THE 4TH |
|
Clemson University Tigers batting - Pitching for University of Michigan Wolverines : LHP Jeff Conti
|
|
Batting: RHB Josh LeSage
|
0-0: Foul Ball, location: 2F 0-1: Foul Ball, location: 2F 0-2: Ground out 1-3 (Groundball, 13S, EV 63.1 MPH)
|
|
Batting: RHB Liangde Zhou
|
0-0: Ball 1-0: Foul Ball, location: 2F 1-1: Ball 2-1: Foul Ball, location: 2F 2-2: Ball 3-2: Foul Ball, location: 2F 3-2: Base on Balls
|
|
Batting: LHB Jackson Wither
|
0-0: Ball 1-0: Ball 2-0: Called Strike 2-1: SINGLE (Groundball, 34D, EV 96.2 MPH) Liangde Zhou to second Runner from 2nd tries for 3rd, SAFE, no throw by RF
|
|
Batting: RHB Wayne Watson
|
0-0: Ball 1-0: Ball 2-0: Called Strike 2-1: SINGLE (Groundball, 34D, EV 102.5 MPH) Liangde Zhou scores Jackson Wither to second Runner from 2nd tries for 3rd, SAFE, no throw by RF
|
|
Batting: RHB Donovan Deason
|
0-0: Ball 1-0: Ball 2-0: Ball 3-0: Called Strike 3-1: Foul Ball, location: 2F 3-2: Base on Balls Wayne Watson to second
|
|
Batting: RHB Jason Duncan
|
0-0: Called Strike 0-1: Called Strike 0-2: Foul Ball, location: 2F 0-2: Foul Ball, location: 2F 0-2: Fly out, F8 (Line Drive, 8LD, EV 87.5 MPH) Runner from 3rd tags up, SCORES, throw by CF
|
|
Batting: RHB Jorge Alva
|
0-0: Called Strike 0-1: Called Strike 0-2: Fly out, F7 (Flyball, 7LSF, EV 97.5 MPH)
|
| Bottom of the 4th over - 2 runs, 2 hits, 0 errors, 2 left on base; University of Michigan 1 - Clemson University 2 |
| TOP OF THE 5TH |
|
University of Michigan Wolverines batting - Pitching for Clemson University Tigers : RHP Butch Powers
|
|
Batting: RHB Glen Limeburner
|
0-0: Called Strike 0-1: SINGLE (Line Drive, 56, EV 95.0 MPH)
|
|
Batting: LHB Tony Olvera
|
0-0: Called Strike 0-1: Ball 1-1: SINGLE (Groundball, P, EV 94.4 MPH) Glen Limeburner to second Runner from 2nd tries for 3rd, SAFE, no throw by CF
|
|
Batting: RHB Jason Rhodes
|
0-0: Foul Ball, location: 2F 0-1: Fly out, F6 (Popup, 6, EV 69.4 MPH)
|
|
Batting: LHB Adrian Navarro
|
0-0: Ball 1-0: Called Strike 1-1: Swinging Strike 1-2: Foul Ball, location: 2F 1-2: Ball 2-2: Ball 3-2: Foul Ball, location: 2F 3-2: Base on Balls Tony Olvera to second
|
|
Batting: RHB Franklin Ortega
|
0-0: Fly out, F7 (Flyball, 78S, EV 83.1 MPH)
|
|
Batting: RHB Justin Young
|
0-0: Ball 1-0: Fly out, F7 (Line Drive, 7S, EV 106.9 MPH)
|
| Top of the 5th over - 0 runs, 2 hits, 0 errors, 3 left on base; University of Michigan 1 - Clemson University 2 |
| BOTTOM OF THE 5TH |
|
Clemson University Tigers batting - Pitching for University of Michigan Wolverines : LHP Jeff Conti
|
|
Batting: RHB Chris Prinzing
|
0-0: Ball 1-0: Called Strike 1-1: Ball 2-1: Foul Ball, location: 2F 2-2: Ball 3-2: Base on Balls
|
|
Batting: LHB Jayden Pelayo
|
0-0: Ball 1-0: Foul Ball, location: 2F 1-1: Called Strike 1-2: Ball 2-2: Strikes out swinging
|
|
Batting: RHB Josh LeSage
|
0-0: Ball 1-0: Ball 2-0: Ball 3-0: Called Strike 3-1: Base on Balls Chris Prinzing to second
|
|
Batting: RHB Liangde Zhou
|
0-0: Ball 1-0: Swinging Strike 1-1: Fly out, F8 (Flyball, 8RM, EV 83.1 MPH)
|
|
Batting: LHB Jackson Wither
|
0-0: Ball 1-0: Ball 2-0: Foul Ball, location: 2F 2-1: Fly out, F7 (Flyball, 7D, EV 99.4 MPH)
|
| Bottom of the 5th over - 0 runs, 0 hits, 0 errors, 2 left on base; University of Michigan 1 - Clemson University 2 |
| TOP OF THE 6TH |
|
University of Michigan Wolverines batting - Pitching for Clemson University Tigers : RHP Butch Powers
|
|
Batting: RHB Jamie Broadhurst
|
0-0: SINGLE (Flyball, 56D, EV 96.2 MPH)
|
|
Batting: RHB Dave Guevara
|
0-0: Ball 1-0: Grounds into double play, 6-4-3 (Groundball, 6, EV 84.4 MPH)
|
|
Batting: LHB Gabe Morales
|
0-0: Called Strike 0-1: Swinging Strike 0-2: Ball 1-2: Ground out U3 (Groundball, 3, EV 82.5 MPH)
|
| Top of the 6th over - 0 runs, 1 hit, 0 errors, 0 left on base; University of Michigan 1 - Clemson University 2 |
| BOTTOM OF THE 6TH |
|
Clemson University Tigers batting - Pitching for University of Michigan Wolverines : LHP Jeff Conti
|
|
Pitching: LHP Armando Salas
|
|
|
Batting: RHB Wayne Watson
|
0-0: Called Strike 0-1: Foul Ball, location: 2F 0-2: Ball 1-2: Ball 2-2: Strikes out swinging
|
|
Batting: RHB Donovan Deason
|
0-0: Ball 1-0: Ball 2-0: Called Strike 2-1: Called Strike 2-2: Ball 3-2: Fly out, F7 (Flyball, 7D, EV 101.2 MPH)
|
|
Batting: RHB Jason Duncan
|
0-0: Ground out 4-3 (Groundball, 34, EV 98.1 MPH)
|
| Bottom of the 6th over - 0 runs, 0 hits, 0 errors, 0 left on base; University of Michigan 1 - Clemson University 2 |
| TOP OF THE 7TH |
|
University of Michigan Wolverines batting - Pitching for Clemson University Tigers : RHP Butch Powers
|
|
Pitching: LHP Salvatore Vasquez
|
|
|
Batting: RHB Glen Limeburner
|
0-0: Called Strike 0-1: Ball 1-1: Ball 2-1: Ball 3-1: Base on Balls
|
|
Batting: LHB Tony Olvera
|
0-0: Sac Bunt to 13 - play at first, batter OUT! 1-3 Glen Limeburner to second
|
|
Batting: RHB Jason Rhodes
|
0-0: Called Strike 0-1: Called Strike 0-2: Ground out 5-3 (Groundball, 56, EV 111.2 MPH)
|
|
Batting: LHB Adrian Navarro
|
0-0: Swinging Strike 0-1: Ball 1-1: Ball 2-1: Foul Ball, location: 2F 2-2: Strikes out swinging
|
| Top of the 7th over - 0 runs, 0 hits, 0 errors, 1 left on base; University of Michigan 1 - Clemson University 2 |
| BOTTOM OF THE 7TH |
|
Clemson University Tigers batting - Pitching for University of Michigan Wolverines : LHP Armando Salas
|
|
Pitching: RHP Danny Araiza
|
|
|
Batting: RHB Jorge Alva
|
0-0: Foul Ball, location: 2F 0-1: Ball 1-1: Fly out, F7 (Flyball, 78S, EV 95.0 MPH)
|
|
Batting: RHB Chris Prinzing
|
0-0: Foul Ball, location: 2F 0-1: Called Strike 0-2: Ball 1-2: SOLO HOME RUN (Flyball, 78XD, EV 110.6 MPH), Distance : 463 ft
|
|
Batting: LHB Jayden Pelayo
|
0-0: Ball 1-0: SOLO HOME RUN (Flyball, 89XD, EV 109.4 MPH), Distance : 444 ft
|
|
Batting: RHB Josh LeSage
|
0-0: Called Strike 0-1: Ball 1-1: Ground out U3 (Groundball, 13, EV 93.1 MPH)
|
|
Batting: RHB Liangde Zhou
|
0-0: Called Strike 0-1: Ball 1-1: Ball 2-1: Ball 3-1: Base on Balls
|
|
Batting: LHB Jackson Wither
|
0-0: Ball 1-0: SINGLE (Groundball, 34D, EV 103.8 MPH) Liangde Zhou to second Runner from 2nd tries for 3rd, SAFE, no throw by RF
|
|
Pitching: RHP Willie Berumen
|
|
|
Batting: RHB Wayne Watson
|
0-0: Ball 1-0: Called Strike 1-1: Called Strike 1-2: SINGLE (Groundball, 56D, EV 111.2 MPH) Liangde Zhou scores Jackson Wither to second Runner from 2nd tries for 3rd, SAFE, throw by LF made to third
|
|
Pinch Hitting: SHB Jason Keys
|
0-0: Ball 1-0: SINGLE (Line Drive, 56D, EV 96.9 MPH) Jackson Wither scores Wayne Watson to second
|
|
Batting: RHB Jason Duncan
|
0-0: Ball 1-0: Ball 2-0: Foul Ball, location: 2F 2-1: Foul Ball, location: 2F 2-2: Ball 3-2: Ground out 3-1 (Groundball, 34S, EV 88.1 MPH)
|
| Bottom of the 7th over - 4 runs, 5 hits, 0 errors, 2 left on base; University of Michigan 1 - Clemson University 6 |
| TOP OF THE 8TH |
|
University of Michigan Wolverines batting - Pitching for Clemson University Tigers : LHP Salvatore Vasquez
|
|
Now at 1B: Dermott Ayliffe
|
|
|
Batting: RHB Franklin Ortega
|
0-0: Called Strike 0-1: Foul Ball, location: 2F 0-2: Ground out 6-3 (Groundball, 6S, EV 65.6 MPH)
|
|
Batting: RHB Justin Young
|
0-0: Foul Ball, location: 2F 0-1: Ball 1-1: Foul Ball, location: 2F 1-2: Ball 2-2: Ball 3-2: Fly out, F7 (Flyball, 7, EV 90.6 MPH)
|
|
Batting: RHB Jamie Broadhurst
|
0-0: Ground out 5-3 (Groundball, 56, EV 80.6 MPH)
|
| Top of the 8th over - 0 runs, 0 hits, 0 errors, 0 left on base; University of Michigan 1 - Clemson University 6 |
| BOTTOM OF THE 8TH |
|
Clemson University Tigers batting - Pitching for University of Michigan Wolverines : RHP Willie Berumen
|
|
Batting: RHB Jorge Alva
|
0-0: Called Strike 0-1: SINGLE (Line Drive, 8LS, EV 98.8 MPH)
|
|
Batting: RHB Chris Prinzing
|
0-0: Ball Jorge Alva steals 2nd base 1-0: Called Strike 1-1: Swinging Strike 1-2: Strikes out looking
|
|
Batting: LHB Jayden Pelayo
|
0-0: Swinging Strike 0-1: Ball 1-1: Ball 2-1: Ground out 4-3 (Groundball, 4, EV 102.5 MPH) Jorge Alva to third
|
|
Batting: RHB Josh LeSage
|
0-0: Called Strike 0-1: Ball 1-1: Called Strike 1-2: Foul Ball, location: 2F 1-2: Ball 2-2: Ball 3-2: Fly out, F9 (Flyball, 9LSF, EV 84.4 MPH)
|
| Bottom of the 8th over - 0 runs, 1 hit, 0 errors, 1 left on base; University of Michigan 1 - Clemson University 6 |
| TOP OF THE 9TH |
|
University of Michigan Wolverines batting - Pitching for Clemson University Tigers : LHP Salvatore Vasquez
|
|
Pinch Hitting: RHB Edwin Nunez
|
0-0: Called Strike 0-1: Called Strike 0-2: Foul Ball, location: 2F 0-2: Ball 1-2: DOUBLE (Line Drive, 89D, EV 101.9 MPH)
|
|
Pitching: RHP Cong Tung
|
|
|
Pinch Hitting: LHB Dave Cook
|
0-0: Foul Ball, location: 2F 0-1: Foul Ball, location: 2F 0-2: 2-RUN HOME RUN (Flyball, 89XD, EV 108.1 MPH), Distance : 422 ft
|
|
Pitching: LHP Will West
|
|
|
Batting: RHB Glen Limeburner
|
0-0: Fly out, F7 (Line Drive, 78M, EV 101.9 MPH)
|
|
Batting: LHB Tony Olvera
|
0-0: Swinging Strike 0-1: Foul Ball, location: 2F 0-2: Ground out 4-3 (Groundball, 34D, EV 98.8 MPH)
|
|
Batting: RHB Jason Rhodes
|
0-0: Ball 1-0: Ball 2-0: Called Strike 2-1: Foul Ball, location: 2F 2-2: Foul Ball, location: 2F 2-2: SINGLE (Line Drive, 34, EV 94.4 MPH)
|
|
Batting: LHB Adrian Navarro
|
0-0: Ball 1-0: Foul Ball, location: 2F 1-1: Called Strike 1-2: Fly out, F9 (Flyball, 9, EV 86.9 MPH)
|
| Top of the 9th over - 2 runs, 3 hits, 0 errors, 1 left on base; University of Michigan 3 - Clemson University 6 |
|